 Dungeon Crawl Stone Soup version 0.28-a0-850-g09de17f5b5 (webtiles) character file.

Game seed: 3867423710240176078

43 Crownlay the Changer (level 3, -2/23 HPs)
             Began as an Octopode Transmuter on Nov 13, 2021.
             Slain by Sigmund (3 damage)
             ... on level 2 of the Dungeon.
             The game lasted 00:03:44 (1592 turns).

Crownlay the Changer (Octopode Transmuter)          Turns: 1592, Time: 00:03:44

Health: -2/23      AC:  1    Str:  9    XL:     3   Next: 58%
Magic:  4/6        EV: 13    Int: 15    God:
Gold:   44         SH:  0    Dex: 13    Spells: 5/6 levels left

rFire   . . .      SeeInvis .     - Unarmed
rCold   . . .      Faith    .   (no shield)
rNeg    . . .      Spirit   .   (helmet currently unavailable)
rPois   .          Reflect  .   (no amulet)
rElec   .          Harm     .   (no ring)
rCorr   .          Rampage  .   (no ring)
Will    .....                   (no ring)
Stlth   ++........              (no ring)
HPRegen 0.07/turn               (no ring)
MPRegen 0.10/turn               (no ring)
                                (no ring)
                                (no ring)

@: appendages
A: tentacle spike 3, almost no armour, amphibious, 8 rings, camouflage 1,
gelatinous body 1, (nimble swimmer 1), tentacles
a: End Transformation


You were on level 2 of the Dungeon.
One of your tentacles had grown a beastly spike.
You visited 1 branch of the dungeon, and saw 2 of its levels.

You collected 44 gold pieces.

Inventory:

Scrolls
 a - a scroll of enchant armour {unknown}
 c - a scroll of torment {unknown}
 d - 2 scrolls of magic mapping {unknown}
 e - a scroll of teleportation {unknown}
Potions
 b - a potion of curing {unknown}
 f - a potion of haste {unknown}


   Skills:
 - Level 1.0 Fighting
 - Level 2.0 Dodging
 - Level 3.0 Unarmed Combat
 - Level 2.0 Spellcasting
 * Level 3.8 Transmutations


You had 5 spell levels left.
You knew the following spells:

 Your Spells              Type           Power      Damage    Failure   Level
a - Beastly Appendage     Tmut           26%        N/A       4%          1

Your spell library contained the following spells:

 Spells                   Type           Power      Damage    Failure   Level
 Wereblood                Tmut           13%        N/A       7%          2
 Passwall                 Tmut/Erth      5%         N/A       16%         2
 Sandblast                Erth           2%         2d4       22%         1
 Spider Form              Tmut/Pois      7%         N/A       30%         3
 Stone Arrow              Conj/Erth      2%         3d7       54%         3
 Ice Form                 Ice/Tmut       7%         N/A       69%         4


Dungeon Overview and Level Annotations

Branches:
Dungeon (2/15)

Altars:

Annotations:
D:2 Sigmund


Innate Abilities, Weirdness & Mutations

One of your tentacles has grown a beastly spike.
You cannot wear most types of armour.
You are amphibious.
You can wear up to eight rings at the same time.
Your skin changes colour to match your surroundings (Stealth+).
Your rubbery body absorbs attacks. (AC +1, EV +1)
((You are camouflaged near water. (Stealth+)))
You have tentacles for arms and can constrict up to eight enemies at once.


Message History

You constrict the dart slug, but do no damage.
The dart slug closely misses you.
You tentacle-slap the dart slug.
You pierce the dart slug.
The dart slug is severely wounded.
You constrict the dart slug. You tentacle-slap the dart slug.
You kill the dart slug!
No target in view!
You see here 10 gold pieces.
Your tentacle spike disappears.
No target in view!
No target in view!
No target in view!
No target in view!
Sigmund shouts!
Sigmund casts a spell at you. The magic dart hits you.
Found 6 gold pieces.
You miscast Beastly Appendage.
You are very lightly contaminated with residual magic.
Nothing appears to happen.
One of your tentacles grows a vicious spike.
Sigmund misses you.
You tentacle-slap Sigmund. You grab Sigmund.
You pierce Sigmund.
Sigmund is lightly wounded.
You constrict Sigmund, but do no damage.
Sigmund gestures wildly while chanting.
Sigmund flickers and vanishes!
Deactivating autopickup; reactivate with Ctrl-A.
You tentacle-slap something. x2; You constrict something.
You hear some strange, mumbled words.
A magic dart appears from out of thin air!
The magic dart hits you!
* * * LOW HITPOINT WARNING * * *
Your magical contamination has completely faded away.
You closely miss something. You squeeze something. You constrict something.
Something hits you.
* * * LOW HITPOINT WARNING * * *
You closely miss something. You constrict something. Something hits you.
You die...

....#
#####..............#
....#
#................#.
....#
#........###.#.#.#
....# #........#
#...# .. ....#
#........# ......
....# #........#
.......# #####
#........##.....@..
#......{.#####.###.
#......@.# ..
#........#
#........#
#........#
#....$...#
##########


There were no monsters in sight!

Vanquished Creatures
  A worm (D:2)
  2 dart slugs
  3 endoplasms (D:1)
  A giant cockroach (D:2)
  4 goblins (D:1)
  4 hobgoblins
  4 jackals (D:1)
  3 quokkas (D:1)
  4 ball pythons (D:1)
  3 bats (D:1)
  3 kobolds (D:1)
32 creatures vanquished.

Notes
Turn   | Place    | Note
-------+----------+-------------------------------------------
     0 | D:1      | Crownlay the Octopode Transmuter began the quest for the
                  | Orb.
     0 | D:1      | Reached XP level 1. HP: 13/13 MP: 3/3
   269 | D:1      | Reached XP level 2. HP: 18/18 MP: 3/5
   700 | D:1      | Reached XP level 3. HP: 21/23 MP: 4/6
  1184 | D:1      | Found a faded altar of an unknown god.
  1557 | D:2      | Noticed Sigmund
  1591 | D:2      | HP: 1/23 [something (4)]
  1592 | D:2      | Slain by Sigmund

Illustrated notes

Levels and vault maps discovered:
D:1:      lightli_arrival_statue_moat, layout_loops_ring,
          hellmonk_ecumenical_altar_run_dry
D:2:      minmay_razor_zed, layout_basic, uniq_sigmund, uniq_natasha

Skill      XL: |  1  2 |
---------------+-------+-----
Transmutations | 3 |  3.8
Fighting       | |  1.0
Dodging        | |  2.0
Unarmed Combat | |  3.0
Spellcasting   | |  2.0

Action                   || total
-------------------------++-------
Melee: Unarmed           ||    86
       Constrict         ||    26
       Tentacles         ||    14
       Kick              ||    16
       Punch             ||     2
 Cast: Beastly Appendage ||    19
 Stab: Sleeping          ||     3
Armor: Skin              ||     7
Dodge: Dodged            ||    57

Table legend: (Time is in decaauts)
 A = Elapsed time spent in this place.
 B = Non-inter-level travel time spent in this place.
 C = Inter-level travel time spent in this place.
 D = Time resting spent in this place.
 E = Time spent auto-exploring this place.
 F = Levels seen in this place.
 G = Mean time per level.
                   A        B        C        D        E       F      G
               +--------+--------+--------+--------+--------+-----+--------+
         Total |   1587 |   1573 |     14 |      0 |   1334 |   2 |  793.5 |
       Dungeon |   1587 |   1573 |     14 |      0 |   1334 |   2 |  793.5 |
               +--------+--------+--------+--------+--------+-----+--------+

Top non-repeatable levels by time:
     D:1: 1300 daAuts
     D:2: 287 daAuts
